 Dungeon Crawl Stone Soup version 0.30-a0-634-g8abc85282e (webtiles) character file.

Game seed: 4758577362971463700

314 SkeletonJelly the Chopper (level 6, 0/41 (47) HPs)
             Began as a Demonspawn Chaos Knight on Jan 14, 2023.
             Was a Plaything of Xom.
             Drowned by a water nymph (glowing shapeshifter) (12 damage)
             ... on level 2 of the Dungeon.
             The game lasted 00:08:37 (2617 turns).

SkeletonJelly the Chopper (Demonspawn Chaos Knight) Turns: 2617, Time: 00:08:38

HP:   0/41 (47)     AC:  5    Str: 12 (13) XL:     6   Next: 19%
MP:   6/6           EV: 11    Int: 11 (13) God:    Xom [.*....]
Gold: 148           SH:  0    Dex: 10 (12) Spells: 5/5 levels left

rFire   + . .      SeeInvis .    a - +1 hand axe (chaos)
rCold   . . .      Faith    .    (no shield)
rNeg    . . .      Spirit   .    b - +2 leather armour
rPois   .          Reflect  .    (helmet restricted)
rElec   .          Harm     .    (no cloak)
rCorr   .          Rampage  .    (no gloves)
Will    .....                    (no boots)
Stlth   +                        (no amulet)
HPRegen 0.26/turn                i - ring of protection from fire
MPRegen 0.10/turn                (no ring)

@: flying, hasted, heavily drained, very quick
A: horns 2, sturdy frame 1, weak 1
a: Renounce Religion


You were on level 2 of the Dungeon.
You worshipped Xom.
You were a plaything of Xom.
You visited 1 branch of the dungeon, and saw 3 of its levels.
You also visited: Sewer.

You collected 148 gold pieces.

Inventory:

Hand Weapons
 a - a +1 hand axe of chaos (weapon)
 l - a +0 war axe
Armour
 b - a +2 leather armour (worn)
Jewellery
 i - a ring of protection from fire (left hand)
Potions
 d - a potion of curing
 g - a potion of mutation
 h - a potion of brilliance {unknown}
Miscellaneous
 c - a piece from Xom's chessboard (14/15) (quivered)


   Skills:
 - Level 3.0 Fighting
 + Level 6.4 Axes
 - Level 1.7 Armour
 - Level 0.8 Dodging


You had 5 spell levels left.
You didn't know any spells.
Your spell library contained the following spells:

 Spells                   Type           Power      Damage    Failure   Level
 Sandblast                Erth           0%         2d4       36%         1
 Passwall                 Tmut/Erth      0%         N/A       50%         2
 Stone Arrow              Conj/Erth      0%         3d7       73%         3


Dungeon Overview and Level Annotations

Branches:
Dungeon (3/15)              Sewer (visited)

Altars:

Shops:
D:1 !


Innate Abilities, Weirdness & Mutations

You have a pair of horns on your head.
Your movements are slightly less encumbered by armour. (ER -2)
You are weak. (Str -2)


Message History

You see here a book of Misfortune.
The worm bites you but does no damage.
You hit the worm. You freeze the worm. You headbutt the worm.
The worm is heavily wounded.
You hit the worm. You freeze the worm. Your headbutt misses the worm.
The worm is severely wounded.
The worm barely misses you.
You barely miss the worm.
The worm is severely wounded.
The worm bites you.
You take 1 damage, and have 40/41 hp.
You hit the worm.
The worm changes into a glowing shapeshifter!
Xom thinks this is hilarious!
You headbutt the glowing shapeshifter.
The glowing shapeshifter is lightly wounded.
The glowing shapeshifter changes into an anaconda!
You closely miss the anaconda. You headbutt the anaconda.
The anaconda is lightly wounded.
The anaconda grabs you.
The anaconda bites you but does no damage.
The anaconda constricts you.
You take 1 damage, and have 39/41 hp.
You closely miss the anaconda.
The anaconda is lightly wounded.
The anaconda bites you. The anaconda constricts you. The anaconda bites you!
The anaconda constricts you.
You take 15 damage, and have 24/41 hp.
MASSIVE DAMAGE!!
You hit the anaconda.
The anaconda is poisoned.
The anaconda is lightly wounded.
The orb spider loses its grip on you.
The anaconda changes into an orb spider!
You hit the orb spider. You freeze the orb spider.
The orb spider is lightly wounded.
The orb spider pulsates with a strange energy.
You hit the orb spider.
The orb spider is poisoned.
Your headbutt misses the orb spider.
The orb spider is lightly wounded.
Okay, then.
Unknown command.
Unknown command.
You make a move on Xom's chessboard...
The orb spider falls asleep!
You see here 10 gold pieces.
The helpless orb spider fails to defend itself.
You hit the orb spider.
The orb spider's magic leaks into the air.
Your headbutt misses the orb spider.
The orb spider is moderately wounded.
The orb spider changes into a steelbarb worm!
The steelbarb worm attacks as you move away!
The steelbarb worm hits you.
Barbed spikes become lodged in your body.
The barbed spikes dig painfully into your body as you move.
You take 8 damage, and have 18/41 hp.
The barbs in your skin will harm you if you move.
Continue?
Okay, then.
Unknown command.
Unknown command.
Unknown command.
Unknown command.
As you read the scroll labelled BOCROA VASULU, it crumbles to dust.
The creatures around you are filled with an inner flame!
It was a scroll of immolation.
The steelbarb worm hits you!!
Ouch! That really hurt!
You die... "What?
Wait, NO!"
Xom revives you!
Barbed spikes become lodged in your body.
You take 8 damage, and have 10/41 hp.
Unknown command.
Unknown command.
Unknown command.
Unknown command.
Unknown command.
Unknown command.
Unknown command.
Unknown command.
Unknown command.
Unknown command.
Unknown command.
Unknown command.
As you read the scroll labelled OSONLADOMMOZ, it crumbles to dust.
It is a scroll of enchant weapon.
Your +0 hand axe of chaos glows red for a moment.
The steelbarb worm completely misses you.
It was a potion of mutation.
You feel extremely strange.
You feel weaker.
The steelbarb worm changes into a water nymph!
It was a potion of degeneration.
There was something very wrong with that liquid.
You feel weakened.
You feel dopey.
You feel clumsy.
It was a potion of flight.
You feel very buoyant.
You fly up into the air.
The water nymph closely misses you.
It was a potion of haste.
You feel yourself speed up.
Xom roars with laughter!
You carefully extract the barbed spikes from your body.
The water nymph touches you. The water nymph drowns you!
You die...
Xom is highly amused!

### >. #. ## #.## ...
#..#+##+## .... #..~~...#
....### #.~m..# ......
#.@.~.# .###... #:....#
....... #.....+ ......)
#.##### .###... #######.#
###############
#######.....#.#
#......#.......
#.....'.....'.#
#......#.#####.
###.###.....###
#......#.# ##. #.#
#.....#####......#.####..


You could see a water nymph shaped shifter.

Vanquished Creatures
  2 bullfrogs (Sewer)
  Robin (D:2)
  7 adders
  2 worms
  A dart slug (D:1)
  16 ball pythons
  4 bats (D:1)
  7 endoplasms
  8 giant cockroaches
  12 goblins
  6 hobgoblins
  3 jackals (D:2)
  4 quokkas
  16 frilled lizards
  5 kobolds
  8 rats
102 creatures vanquished.

Vanquished Creatures (collateral kills)
  A worm (D:2)
1 creature vanquished.

Vanquished Creatures (others)
  An endoplasm zombie (D:2)
  A goblin zombie (D:2)
  A rat zombie (D:2)
3 creatures vanquished.

Grand Total: 106 creatures vanquished

Notes
Turn   | Place    | Note
-------+----------+-------------------------------------------
     0 | D:1      | SkeletonJelly the Demonspawn Chaos Knight began the quest
                  | for the Orb.
     0 | D:1      | Reached XP level 1. HP: 18/18 MP: 1/1
    48 | D:1      | XOM: silly message
    68 | D:1      | XOM: divination: detect items
   127 | D:1      | Reached skill level 3 in Axes
   154 | D:1      | XOM: potion effect (invisibility)
   156 | D:1      | Gained mutation: You have a pair of small horns on your
                  | head. [demonic ancestry]
   156 | D:1      | Reached XP level 2. HP: 24/24 MP: 2/2
   171 | D:1      | XOM: silly message
   307 | D:1      | Found Kuemeuss's Distillery.
   349 | D:1      | Reached XP level 3. HP: 28/29 MP: 3/3
   412 | D:1      | XOM: silly message
   449 | D:1      | XOM: silly message
   553 | D:1      | XOM: god gift: 18 gold pieces
   576 | D:1      | XOM: divination: detect creatures
   668 | D:1      | Reached skill level 4 in Axes
   739 | D:1      | XOM: cloud trail
   884 | D:2      | Noticed Robin
   911 | D:2      | Killed Robin
   939 | D:2      | Reached XP level 4. HP: 35/35 MP: 4/4
  1018 | D:2      | XOM: silly message
  1044 | D:2      | a jackal changed into a glowing shapeshifter
  1044 | D:2      | Noticed a glowing shapeshifter (glowing shapeshifter)
  1044 | D:2      | a glowing shapeshifter changed into a deep troll
  1044 | D:2      | Noticed a deep troll (glowing shapeshifter)
  1046 | D:2      | a deep troll changed into a dream sheep
  1046 | D:2      | Noticed a dream sheep (glowing shapeshifter)
  1051 | D:2      | a dream sheep changed into a swamp worm
  1051 | D:2      | Noticed a swamp worm (glowing shapeshifter)
  1057 | D:2      | a swamp worm changed into an anaconda
  1057 | D:2      | Noticed an anaconda (glowing shapeshifter)
  1058 | D:2      | XOM: potion effect (invisibility)
  1060 | D:2      | an anaconda changed into a wolf spider
  1060 | D:2      | Noticed a wolf spider (glowing shapeshifter)
  1061 | D:2      | a wolf spider changed into a deep troll
  1061 | D:2      | Noticed a deep troll (glowing shapeshifter)
  1186 | D:3      | XOM: noise
  1291 | D:3      | Found a glowing drain.
  1309 | Sewer    | Entered a sewer
  1433 | Sewer    | Reached skill level 5 in Axes
  1510 | Sewer    | XOM: silly message
  1557 | Sewer    | XOM: scenery: create altars
  1592 | Sewer    | Gained mutation: Your movements are slightly less
                  | encumbered by armour. (ER -2) [demonic ancestry]
  1592 | Sewer    | Reached XP level 5. HP: 31/41 MP: 5/5
  1754 | Sewer    | XOM: fog
  1769 | Sewer    | Reached skill level 6 in Axes
  1769 | Sewer    | Gained mutation: You have a pair of horns on your head.
                  | [demonic ancestry]
  1769 | Sewer    | Reached XP level 6. HP: 32/47 MP: 6/6
  1899 | Sewer    | XOM: draining
  2173 | D:3      | XOM: summons 4 hostile demons
  2249 | D:2      | Noticed a rime drake
  2249 | D:2      | XOM: 11-stop teleportation journey
  2251 | D:2      | XOM: blink monster(s)
  2251 | D:2      | a rime drake changed into a warg
  2251 | D:2      | Noticed a warg (glowing shapeshifter)
  2255 | D:3      | a warg changed into a centaur
  2455 | D:2      | XOM: 3-stop teleportation journey
  2542 | D:2      | XOM: scenery: 3 doors open, 1 doors close
  2600 | D:2      | a worm changed into a glowing shapeshifter
  2600 | D:2      | Noticed a glowing shapeshifter (glowing shapeshifter)
  2600 | D:2      | a glowing shapeshifter changed into an anaconda
  2600 | D:2      | Noticed an anaconda (glowing shapeshifter)
  2603 | D:2      | an anaconda changed into an orb spider
  2603 | D:2      | Noticed an orb spider (glowing shapeshifter)
  2610 | D:2      | an orb spider changed into a steelbarb worm
  2610 | D:2      | Noticed a steelbarb worm (glowing shapeshifter)
  2612 | D:2      | Xom revived you
  2614 | D:2      | Gained mutation: You are weak. (Str -2) [potion of
                  | mutation]
  2614 | D:2      | a steelbarb worm changed into a water nymph
  2614 | D:2      | Noticed a water nymph (glowing shapeshifter)
  2617 | D:2      | Drowned by a water nymph (glowing shapeshifter)

Illustrated notes

Levels and vault maps discovered:
D:1:      reono_arrival_mine, layout_basic, serial_shops, shop,
          minmay_hexomino_u4
D:2:      layout_basic, uniq_robin
D:3:      layout_basic, cheibrodos_sewer_entry_drain, nicolae_hexahallways,
          st_stairs_8

Skill      XL: |  1  2  3  4  5 |
---------------+----------------+-----
Axes           | 3 4 5 6 |  6.4
Fighting       | |  3.0
Armour         | |  1.7
Dodging        | |  0.8

Action                   |  1- 3 |  4- 6 || total
-------------------------+-------+-------++-------
Melee: Hand axe          |    96 |   154 ||   250
       Punch             |     1 |     2 ||     3
       Headbutt          |     8 |    20 ||    28
Evoke: Piece from Xom's  |       |     1 ||     1
  Use: Scroll            |       |     6 ||     6
       Potion            |       |     4 ||     4
 Stab: Sleeping          |     1 |     1 ||     2
       Invisible         |     1 |       ||     1
Armor: Leather armour    |    38 |    46 ||    84
Dodge: Dodged            |    65 |   102 ||   167

Table legend: (Time is in decaauts)
 A = Elapsed time spent in this place.
 B = Non-inter-level travel time spent in this place.
 C = Inter-level travel time spent in this place.
 D = Time resting spent in this place.
 E = Time spent auto-exploring this place.
 F = Levels seen in this place.
 G = Mean time per level.
                   A        B        C        D        E       F      G
               +--------+--------+--------+--------+--------+-----+--------+
         Total |   2741 |   2701 |     40 |     40 |   1665 |   4 |  685.2 |
       Dungeon |   1773 |   1733 |     40 |      0 |   1174 |   3 |  591.0 |
         Sewer |    968 |    968 |      0 |     40 |    491 |   1 |  968.0 |
               +--------+--------+--------+--------+--------+-----+--------+

Top non-repeatable levels by time:
   Sewer: 968 daAuts
     D:1: 892 daAuts
     D:2: 624 daAuts
     D:3: 256 daAuts
